 Dungeon Crawl Stone Soup version 0.29.0-15-g675c0067aa (webtiles) character file.

Game seed: 5321205743869740435

17960 concernfroge the Spear-Bearer (level 12, -2/97 HPs)
             Began as a Mummy Monk on Sept 11, 2022.
             Was an Initiate of Ashenzari.
             Slain by a komodo dragon (26 damage)
             ... on level 3 of the Lair of Beasts.
             The game lasted 00:43:21 (17503 turns).

concernfroge the Spear-Bearer (Mummy Monk)         Turns: 17503, Time: 00:43:22

Health: -2/97      AC: 16    Str: 19    XL:     12   Next: 23%
Magic:  12/12      EV:  6    Int: 10    God:    Ashenzari [......]
Gold:   1106       SH:  5    Dex: 20    Spells: 11/11 levels left

rFire   x . .      SeeInvis .   a - +3 trident (vamp)
rCold   + . .      Faith    .   c - +0 buckler
rNeg    + + +      Spirit   .   w - +0 plate armour
rPois   ∞          Reflect  .   f - +2 hat {Stlth+}
rElec   .          Harm     .   h - +0 cloak
rCorr   .          Rampage  .   g - +0 pair of gloves
Will    +....                   n - +0 pair of boots
Stlth   ..........              (no amulet)
HPRegen 0.26/turn               p - +6 ring of dexterity
MPRegen 0.13/turn               (no ring)

@: about to teleport
A: cold resistance 1, negative energy resistance 3, torment resistance 2, heat
vulnerability 1, in touch with death 1, no potions
a: Renounce Religion, Curse Item


You were on level 3 of the Lair of Beasts.
You worshipped Ashenzari.
Ashenzari was noncommittal.
You visited 3 branches of the dungeon, and saw 16 of its levels.

You collected 1125 gold pieces.
You spent 19 gold pieces at shops.

Inventory:

Hand Weapons
 a - a +3 vampiric trident (weapon)
 b - a +2 trident of protection
Missiles
 e - 10 boomerangs (quivered)
 j - 11 poisoned darts
 m - 3 curare-tipped darts
Armour
 c - a +0 buckler (worn)
 f - a +2 hat of stealth (worn)
 g - a +0 pair of gloves (worn)
 h - a +0 cloak (worn)
 n - a +0 pair of boots (worn)
 w - a +0 plate armour (worn)
Jewellery
 p - a +6 ring of dexterity (left hand)
 y - a +4 ring of protection
 z - a ring of see invisible
 A - a ring of ice
Scrolls
 d - a scroll of immolation
 i - 4 scrolls of amnesia
 l - 4 scrolls of noise
 o - 2 scrolls of teleportation
 r - a scroll of magic mapping
 s - 2 scrolls of enchant armour
 u - 2 scrolls of vulnerability
 B - 3 scrolls of identify


   Skills:
 - Level 10.0 Fighting
 - Level 14.0 Polearms
 + Level 2.5 Throwing
 + Level 2.5 Armour
 + Level 3.6 Dodging
 - Level 1.5 Stealth
 + Level 2.4 Shields
 + Level 2.5 Evocations


You had 11 spell levels left.
You didn't know any spells.
Your spell library contained the following spells:

 Spells                   Type           Power      Damage    Failure   Level
 Apportation              Tloc           0%         N/A       100%        1
 Foxfire                  Conj/Fire      0%         2x1d4     100%        1
 Magic Dart               Conj           0%         1d3       100%        1
 Sandblast                Erth           0%         2d4       100%        1
 Shock                    Conj/Air       0%         1d3       100%        1
 Call Imp                 Summ           0%         N/A       100%        2
 Passwall                 Tmut/Erth      0%         N/A       100%        2
 Conjure Flame            Conj/Fire      0%         6-21      100%        3
 Gell's Gravitas          Tloc           0%         N/A       100%        3
 Inner Flame              Hex/Fire       0%         N/A       100%        3
 Lesser Beckoning         Tloc           0%         N/A       100%        3
 Mephitic Cloud           Conj/Pois/Air  0%         N/A       100%        3
 Stone Arrow              Conj/Erth      0%         3d7       100%        3
 Summon Guardian Golem    Hex/Summ       0%         N/A       100%        3
 Swiftness                Air            0%         N/A       100%        3
 Teleport Other           Tloc           0%         N/A       100%        3
 Airstrike                Air            0%         2d(0-16)  100%        4
 Flame Wave               Conj/Fire      0%         2d4       100%        4
 Fulminant Prism          Conj/Hex       0%         3d6       100%        4
 Hailstorm                Conj/Ice       0%         3d3       100%        4
 Alistair's Intoxication  Tmut/Pois      0%         N/A       100%        5
 Iskenderun's Battlesphe  Conj           0%         2d6       100%        5
 Conjure Ball Lightning   Conj/Air       0%         3x3d6     100%        6
 Orb of Destruction       Conj           0%         9d5       100%        7
 Spellforged Servitor     Conj/Summ      0%         N/A       100%        7
 Summon Hydra             Summ           0%         N/A       100%        7
 Discord                  Hex            0%         N/A       100%        8
 Disjunction              Tloc           0%         N/A       100%        8
 Sublimation of Blood     Necr           Unusable   N/A       N/A         2
 Wereblood                Tmut           Unusable   N/A       N/A         2

Dungeon Overview and Level Annotations

Branches:
Dungeon (11/15)            Temple (1/1) D:5            Lair (4/5) D:10
  Swamp (0/4) Lair:2
  Snake: Lair:2-3    Spider: Lair:2-3     Slime: Lair:4-5       Orc: D:9-12

Altars:
Ashenzari
Cheibriados
Dithmenos
Fedhas
Gozag
Hepliaklqana
Kikubaaqudgha
Makhleb
Nemelex Xobeh
Okawaru
Qazlal
Ru
Sif Muna
Trog
Uskayaw
Vehumet
Wu Jian
Xom
Yredelemnul

Shops:
D:5 :   D:8 [   D:11 *


Innate Abilities, Weirdness & Mutations

You are immune to poison.
Your flesh is cold resistant. (rC+)
You are immune to negative energy. (rN+++)
You are immune to unholy pain and torment.
You are vulnerable to heat. (rF-)
You are in touch with the powers of death.
You do not drink.


Message History

The komodo dragon hisses angrily.
The water moccasin hisses angrily.
You puncture the water moccasin!
You feel better.
The water moccasin is heavily wounded.
The komodo dragon hisses menacingly.
The water moccasin bites you but does no damage.
You miss the water moccasin.
The water moccasin is heavily wounded.
The water moccasin bites you but does no damage.
You closely miss the water moccasin.
The water moccasin is heavily wounded.
You block the water moccasin's attack.
You puncture the water moccasin!
You feel better.
The water moccasin is almost dead.
The water moccasin bites you but does no damage.
You closely miss the water moccasin.
The water moccasin is almost dead.
You miss the water moccasin.
The water moccasin is almost dead.
The water moccasin bites you but does no damage.
You closely miss the water moccasin.
The water moccasin is almost dead.
The water moccasin bites you.
The komodo dragon attacks as you move away!
The komodo dragon bites you!
The water moccasin bites you but does no damage.
You puncture the water moccasin!
You feel better.
You kill the water moccasin!
You block the komodo dragon's attack.
You hit the komodo dragon but do no damage.
You puncture the komodo dragon!
You feel better.
The komodo dragon is moderately wounded.
The komodo dragon bites you!
* * * LOW HITPOINT WARNING * * *
You puncture the komodo dragon!
The komodo dragon is heavily wounded.
The komodo dragon bites you.
* * * LOW HITPOINT WARNING * * *
As you read the scroll of teleportation, it crumbles to dust.
You feel strangely unstable. The komodo dragon bites you!!
You die...

******* **,,,,,* *,.,,,***
########**#..,,,,,* ******
**##......##....,,*,,*
*****,,,,**#.#...†.........,,,***
*,,,*,,,,*,*#...@l....#,,,*,***
,,,,,,,,,................#***
,,*,,,,,,....###......####
,,***,**,...,,*#......# ,,*
*****#,,,**#.P#.### *,*
******......,* *** ##.....#*
##....#* ## *,,,**,* ##.


You could see a komodo dragon.

Vanquished Creatures
  Gastronok (D:8)
  A hydra (Lair:3)
  Nergalle (D:10)
  Joseph (D:9)
  A torpor snail (Lair:2)
  A rime drake (Lair:3)
  3 cane toads (Lair:2)
  A komodo dragon (Lair:3)
  An unseen horror (D:8)
  2 trolls (D:9)
  A polar bear (Lair:3)
  A hornet (D:10)
  3 blink frogs (Lair:2)
  4 dream sheep (Lair:2)
  26 yaks
  A wraith (D:9)
  2 shadows
  4 wyverns
  2 basilisks
  Grum (D:10)
  2 steam dragons (D:9)
  Edmund (D:6)
  8 water moccasins
  An acid dragon (D:10)
  2 sky beasts (D:6)
  3 orc warriors
  7 wolves
  3 ogres
  3 centaurs
  A kobold brigand (D:5)
  5 bullfrogs
  2 necrophages (D:7)
  3 gnoll sergeants
  7 scorpions
  5 wights (D:5)
  8 killer bees
  7 howler monkeys
  2 jellies (D:5)
  3 orc priests
  Crazy Yiuf (D:3)
  A gnoll bouda (D:8)
  3 hounds (D:5)
  6 iguanas
  3 iron imps (D:10)
  Ijyb (D:3)
  2 orc wizards
  Robin (D:3)
  16 gnolls
  11 adders
  3 white imps
  2 ufetubi
  A worm (D:2)
  3 dart slugs
  39 orcs
  5 endoplasms
  6 giant cockroaches
  14 goblins
  14 hobgoblins
  8 jackals
  4 quokkas
  6 ball pythons
  3 bats
  3 frilled lizards
  4 kobolds
  11 rats
302 creatures vanquished.

Vanquished Creatures (collateral kills)
  Maggie (D:9)
1 creature vanquished.

Vanquished Creatures (others)
  A yak (D:9)
  18 fungi
  18 plants
37 creatures vanquished.

Grand Total: 340 creatures vanquished

Notes
Turn   | Place    | Note
-------+----------+-------------------------------------------
     0 | D:1      | concernfroge the Mummy Monk began the quest for the Orb.
     0 | D:1      | Reached XP level 1. HP: 18/18 MP: 1/1
   541 | D:1      | Reached XP level 2. HP: 24/24 MP: 2/2
  1367 | D:2      | Gained mutation: You are in touch with the powers of death.
                  | [Mummy growth]
  1367 | D:2      | Reached XP level 3. HP: 28/30 MP: 3/3
  1888 | D:2      | Reached XP level 4. HP: 28/38 MP: 4/4
  1900 | D:2      | Reached skill level 5 in Fighting
  2326 | D:3      | Noticed Robin
  2360 | D:3      | Killed Robin
  2557 | D:3      | Found a faded altar of an unknown god.
  2723 | D:3      | Noticed Ijyb
  2739 | D:3      | Reached XP level 5. HP: 17/46 MP: 5/5
  2746 | D:3      | Killed Ijyb
  3501 | D:3      | Found a runed translucent door.
  3502 | D:3      | Noticed Crazy Yiuf
  3515 | D:3      | Killed Crazy Yiuf
  3887 | D:4      | Reached XP level 6. HP: 53/53 MP: 6/6
  4836 | D:5      | Entered Level 5 of the Dungeon
  5199 | D:6      | Noticed a sky beast
  5224 | D:6      | Killed a sky beast
  5225 | D:6      | Reached XP level 7. HP: 11/62 MP: 7/7
  5857 | D:6      | Found an ornate altar of the Wu Jian Council.
  6072 | D:6      | Noticed Edmund
  6074 | D:6      | Identified a scroll of acquirement
  6080 | D:6      | Killed Edmund
  6081 | D:6      | Reached XP level 8. HP: 52/72 MP: 8/8
  6330 | D:7      | Reached skill level 10 in Fighting
  6637 | D:7      | Reached skill level 3 in Polearms
  6677 | D:7      | Found a shadowy altar of Dithmenos.
  6777 | D:7      | Reached skill level 4 in Polearms
  7260 | D:7      | Found a sparkling altar of Nemelex Xobeh.
  7340 | D:7      | Found a snail-covered altar of Cheibriados.
  7779 | D:5      | Found a staircase to the Ecumenical Temple.
  7789 | Temple   | Entered the Ecumenical Temple
  7982 | Temple   | Became a worshipper of Ashenzari the Shackled
  8059 | D:5      | Reached skill level 5 in Polearms
  8306 | D:5      | Found an opulent altar of Gozag.
  8334 | D:5      | Reached skill level 6 in Polearms
  8433 | D:5      | Found a stormy altar of Qazlal.
  8504 | D:5      | Reached XP level 9. HP: 78/78 MP: 9/9
  8788 | D:5      | Found a basalt altar of Yredelemnul.
  8833 | D:5      | Found Opoce's Vocational Training.
  8888 | D:5      | Reached skill level 7 in Polearms
  9156 | D:5      | Found a shimmering blue altar of Sif Muna.
  9243 | D:5      | Acquired 414 gold pieces
  9400 | D:8      | Reached skill level 8 in Polearms
  9692 | D:8      | Killed an unseen horror
  9832 | D:8      | Noticed Gastronok
  9892 | D:8      | Killed Gastronok
  9893 | D:8      | Reached skill level 9 in Polearms
  9893 | D:8      | Reached XP level 10. HP: 72/85 MP: 10/10
  9972 | D:8      | Found Winuyr's Antique Armour Emporium.
 10181 | D:8      | Reached skill level 10 in Polearms
 10981 | D:9      | Reached skill level 11 in Polearms
 11320 | D:9      | Noticed Maggie
 11324 | D:9      | Killed Maggie
 11451 | D:9      | Noticed Joseph
 11471 | D:9      | Killed Joseph
 11472 | D:9      | Reached skill level 12 in Polearms
 11810 | D:9      | Reached XP level 11. HP: 60/90 MP: 11/11
 13102 | D:10     | Entered Level 10 of the Dungeon
 13145 | D:10     | Found a staircase to the Lair.
 13205 | D:10     | Noticed Nergalle
 13223 | D:10     | Killed Nergalle
 13466 | D:10     | Found a burning altar of Makhleb.
 13609 | D:10     | Reached skill level 13 in Polearms
 13628 | D:10     | Noticed Grum
 13645 | D:10     | Killed Grum
 14591 | D:10     | Identified the +1 ring mail "Alyeh" {rN++}
 14933 | D:11     | Found Olerul's Elemental Accessories.
 15164 | D:11     | Bought a wand of flame (2) for 19 gold pieces
 15381 | D:11     | Noticed a skeletal warrior
 15449 | D:11     | Noticed a two-headed ogre
 15518 | Lair:1   | Entered Level 1 of the Lair of Beasts
 15717 | Lair:1   | Reached skill level 14 in Polearms
 15718 | Lair:1   | You fall into a shaft and drop 1 floor!
 15841 | Lair:2   | Reached skill level 1 in Shields
 15841 | Lair:2   | Reached skill level 1 in Evocations
 15848 | Lair:2   | Reached skill level 1 in Throwing
 15848 | Lair:2   | Reached skill level 1 in Armour
 16097 | Lair:2   | Reached XP level 12. HP: 97/97 MP: 12/12
 16190 | Lair:2   | Found a staircase to the Swamp.
 16835 | Lair:3   | Got the Quarto of Baleful Combat Magic
 16906 | Lair:3   | Noticed an eight-headed hydra
 17457 | Lair:3   | Noticed a seven-headed hydra
 17467 | Lair:3   | Killed a seven-headed hydra
 17503 | Lair:3   | Slain by a komodo dragon

Illustrated notes

Levels and vault maps discovered:
D:1:      giann_wishing_wells, layout_basic
D:2:      minmay_razor_zed, layout_loops_ring, serial_glass, glass_columns_a,
          glass_columns_c, glass_columns_c, glass_columns_a, glass_columns_a,
          glass_columns_b, glass_columns_a, glass_columns_b
D:3:      layout_loops_cross, serial_bayou, serial_bayou_crossing,
          serial_bayou_ford_a, serial_bayou_lake_a, serial_bayou_lagoon_b,
          shapermc_ecumenical_altar_venn, uniq_robin, uniq_ijyb,
          uniq_crazy_yiuf_cottage
D:4:      layout_gridville
D:5:      minmay_bubble_buster, layout_rooms, mainiacjoe_overflow_24_doors,
          old_standard_altar, tso_oasis_becter,
          mainiacjoe_overflow_surrounded_room, gammafunk_temple_overflow_wave,
          minmay_temple_entry_antechambers, nicolae_shop_vocational
D:6:      layout_basic, lemuel_crystal_altar, uniq_edmund
D:7:      layout_loops_ring, lemuel_coloured_pillars_altar,
          grunt_dithmenos_smoke, kennysheep_slug_shrine
D:8:      layout_loops_cross, serial_shops, shop_fountains, uniq_gastronok
D:9:      cheibrodos_barr_body, layout_basic, minmay_variable_closet,
          uniq_joseph, uniq_maggie
D:10:     layout_roguey, demons_altar, grunt_lair_entry_orc_guard_hut,
          nicolae_concentric_dashed_squares_mild, uniq_nergalle, uniq_grum
D:11:     layout_roguey, minmay_orc_entry_temple_small, nicolae_elemental_shop
Temple:   nicolae_temple_bog_church
Lair:1:   layout_long_grid, grunt_megastairs_3
Lair:2:   layout_roguey, minmay_swamp_entry_eels, spider_nest_entry_a
Lair:3:   layout_misc_corridors, gauntlet_entry_generic
Lair:4:   layout_layer_cave, dpeg_slime_entry_enclosed,
          nicolae_volcano_entry_two_sided, ebering_ghost_funeral_grove,
          basic_altar, serial_bayou_shore_b

Skill      XL: |  1  2  3  4  5  6  7  8  9 10 11 12 |
---------------+-------------------------------------+-----
Fighting       | 4 5 6 8 9 10 | 10.0
Polearms       | 6 9 12 14 | 14.0
Shields        | 1 2 |  2.4
Evocations     | 1 2 |  2.5
Throwing       | 1 2 |  2.5
Armour         | 1 2 |  2.5
Dodging        | 3 |  3.6
Stealth        | |  1.5

Action                   |  1- 3 |  4- 6 |  7- 9 | 10-12 || total
-------------------------+-------+-------+-------+-------++-------
Melee: Spear             |   172 |    73 |       |       ||   245
       Punch             |     2 |     1 |       |       ||     3
       Trident           |       |   230 |   413 |   705 ||  1348
Throw: Dart              |     4 |     5 |    23 |    24 ||    56
       Boomerang         |       |       |    20 |     3 ||    23
       Javelin           |       |       |       |    10 ||    10
Evoke: Wand              |       |       |     9 |    22 ||    31
  Use: Scroll            |       |    13 |     7 |    21 ||    41
 Stab: Sleeping          |     1 |     3 |     1 |       ||     5
       Distracted        |       |     1 |       |       ||     1
Armor: Robe              |     2 |       |       |       ||     2
       Ring mail         |    46 |   162 |    41 |       ||   249
       Plate armour      |       |       |   168 |   300 ||   468
Dodge: Dodged            |    82 |   177 |    97 |   123 ||   479
Block: Buckler           |       |       |    70 |    88 ||   158
